 Dungeon Crawl Stone Soup version 0.16.1-18-g436b03c (webtiles) character file.

671 drasked the Chopper (level 7, -4/42 HPs)
             Began as a Gargoyle Berserker on Apr 28, 2015.
             Was a Priest of Trog.
             Slain by a gnoll
             ... wielding a +0 halberd of flaming
              (7 damage)
             ... on level 5 of the Dungeon.
             The game lasted 00:03:42 (3343 turns).

drasked the Chopper (Gargoyle Berserker)            Turns: 3343, Time: 00:03:42

Health: -4/42      AC: 17    Str: 22    XL:     7   Next: 58%
Magic:  7/7        EV:  8    Int:  8    God:    Trog [***...]
Gold:   0          SH:  0    Dex:  9    Spells: 0 memorised, 6 levels left

rFire  . . .     SeeInvis .     Y - +0 hand axe
rCold  . . .     Clarity  .     a - +2 chain mail {rPois}
rNeg   + . .     SustAb   .     (no shield)
rPois  ∞         Gourm    .     k - +0 helmet
rElec  +         Spirit   .     (no cloak)
rCorr  .         Warding  .     (no gloves)
rMut   .         Stasis   .     h - +0 pair of boots
MR     .....                    (no amulet)
Stlth  ..........               (no ring)
                                (no ring)

@: exhausted, slowed, very slow, not resistant to hostile enchantments,
extremely unstealthy
A: negative energy resistance 1, electricity resistance, unbreathing,
petrification resistance, rot immunity, AC +4
a: Burn Spellbooks, Berserk, Trog's Hand, Renounce Religion


You were on level 5 of the Dungeon.
You worshipped Trog.
Trog was most pleased with you.
You were hungry.

You visited 1 branch of the dungeon, and saw 5 of its levels.


Innate Abilities, Weirdness & Mutations

You are resistant to torment.
You are immune to poison.
Your stone body is very resilient (AC +4).
You resist negative energy.
You are resistant to electric shocks.
You can survive without breathing.
You are immune to petrification.
You are immune to rotting.


   Skills:
 - Level 3.7 Fighting
 + Level 7.6 Axes
 + Level 2.5 Armour
 - Level 1.5 Dodging


You had 6 spell levels left.
You didn't know any spells.

Inventory:

Hand weapons
 Y - a +0 hand axe (weapon)
Armour
 a - a +2 chain mail of poison resistance (worn)
 h - a +0 pair of boots (worn)
 k - a +0 helmet (worn)
Scrolls
 b - 2 scrolls of recharging
Potions
 c - a potion of flight {unknown}
 d - 3 potions of restore abilities
 g - a potion of cancellation {unknown}
Comestibles
 e - 2 fruits
 i - 3 bread rations

Dungeon Overview and Level Annotations

Branches:
Dungeon (5/15)
 Temple: D:4-7

Altars:
Ashenzari
Cheibriados
Dithmenos
Kikubaaqudgha
Okawaru
Ru
Sif Muna
Trog
Vehumet


Message History

The gnoll sergeant closely misses you. The gnoll barely misses you.
The gnoll sergeant hits you but does no damage.
You slash the gnoll!
You kill the gnoll!
Trog accepts your kill.
The gnoll sergeant hits you but does no damage.
A hobgoblin comes into view. It is wielding a club.
The hobgoblin shouts!
The gnoll completely misses you.
The gnoll sergeant hits you but does no damage.
The gnoll hits you but does no damage. The gnoll hits you with a whip.
Found a stone staircase leading down.
A gnoll comes into view. It is wielding a spear.
You see here an enchanted flail.
You hit the gnoll sergeant but do no damage.
You hit the gnoll.
The gnoll is lightly wounded.
The gnoll sergeant completely misses you.
The gnoll hits you from afar with a halberd of flaming!
You die...

## ... ..g.#
>...# .g5.##
#g..# #gg##
#.@.## #....#
#))### #))#
#..## # ##..##
######## ###.##
#....... ##.##
#....#...
##.####..######


You could see a gnoll sergeant, 3 gnolls, a crimson imp and a hobgoblin.

Vanquished Creatures
  The ghost of masdan the Caller, an average DESu (D:4)
  A phantom (D:4)
  A gnoll sergeant (D:5)
  A scorpion (D:4)
  2 crimson imps
  An orc priest (D:3)
  2 orc wizards (D:3)
  A worker ant (D:4)
  Terence (D:2)
  Robin (D:3)
  7 gnolls (D:5)
  3 adders
  3 worms
  A giant gecko (D:4)
  6 orcs
  5 bats
  A bat skeleton (D:4)
  6 hobgoblins
  3 jackals (D:4)
  7 kobolds
  4 giant newts
  12 goblins
  A quokka (D:4)
  11 rats
82 creatures vanquished.

Vanquished Creatures (others)
  A giant cockroach (D:2)
1 creature vanquished.

Grand Total: 83 creatures vanquished

Notes
Turn   | Place    | Note
--------------------------------------------------------------
     0 | D:1      | drasked, the Gargoyle Berserker, began the quest for the Orb.
     0 | D:1      | Reached XP level 1. HP: 14/14 MP: 1/1
     0 | D:1      | 0 ||| counter = 6
   133 | D:1      | 133 ||| Stepping ~*~*~tactically~*~*~ (water).
   148 | D:1      | Reached skill level 3 in Axes
   167 | D:1      | Reached XP level 2. HP: 17/19 MP: 2/2
   377 | D:1      | 377 ||| UPGRADING to leather armour.
   387 | D:1      | 387 ||| DROPPING +0 animal skin.
   388 | D:1      | 388 ||| READING scroll labeled HORITU NAOTIE.
   419 | D:2      | Found a sacrificial altar of Ru.
   538 | D:2      | Found a radiant altar of Vehumet.
   630 | D:2      | Found a shattered altar of Ashenzari.
   633 | D:2      | Found a deep blue altar of Sif Muna.
   636 | D:2      | Found an ancient bone altar of Kikubaaqudgha.
   639 | D:2      | Found a shadowy altar of Dithmenos.
   672 | D:2      | 672 ||| INVOKING Berserk.
   733 | D:2      | Noticed Terence
   734 | D:2      | 734 ||| INVOKING Berserk.
   740 | D:2      | Killed Terence
   740 | D:2      | Reached XP level 3. HP: 23/23 MP: 3/3
   768 | D:2      | 768 ||| EATING bread ration.
   837 | D:2      | Found an iron altar of Okawaru.
  1101 | D:2      | Acquired Trog's second power
  1259 | D:2      | 1259 ||| UPGRADING to glowing chain mail.
  1269 | D:2      | 1269 ||| DROPPING +0 leather armour.
  1270 | D:2      | 1270 ||| READING scroll labeled FRUCRA HOYRGH.
  1271 | D:2      | 1271 ||| READING 2 scrolls labeled SIASUSTRANUE.
  1272 | D:2      | 1272 ||| READING scroll labeled GETOG SKEUGH.
  1273 | D:2      | 1273 ||| READING scroll labeled ORGHUA RAYZENA.
  1274 | D:2      | 1274 ||| READING scroll labeled SHRYTW TISMUDOT.
  1286 | D:2      | Reached skill level 4 in Axes
  1310 | D:3      | 1310 ||| STAIRDANCE
  1320 | D:3      | 1320 ||| STAIRDANCE
  1412 | D:3      | 1412 ||| INVOKING Berserk.
  1415 | D:3      | Reached XP level 4. HP: 28/28 MP: 4/4
  1630 | D:3      | Noticed Robin
  1636 | D:3      | 1636 ||| INVOKING Berserk.
  1640 | D:3      | Killed Robin
  1640 | D:3      | Reached skill level 5 in Axes
  1642 | D:3      | Reached XP level 5. HP: 32/32 MP: 5/5
  1658 | D:3      | 1658 ||| EATING meat ration.
  1859 | D:3      | Found a shadowy altar of Dithmenos.
  1894 | D:3      | 1894 ||| INVOKING Berserk.
  2086 | D:3      | 2086 ||| UPGRADING to helmet.
  2091 | D:3      | 2091 ||| UPGRADING to pair of boots.
  2096 | D:3      | 2096 ||| READING scroll labeled CESHENL UCVENA.
  2101 | D:3      | 2101 ||| READING scroll labeled TRUT GYFES.
  2102 | D:3      | 2102 ||| READING scroll labeled UNIPYKHOUMU.
  2103 | D:3      | 2103 ||| DRINKING 3 sedimented silvery potions.
  2176 | D:4      | Noticed a phantom
  2294 | D:4      | Killed a phantom
  2294 | D:4      | Reached skill level 6 in Axes
  2294 | D:4      | Reached XP level 6. HP: 24/37 MP: 6/6
  2584 | D:4      | Found a snail-covered altar of Cheibriados.
  2817 | D:4      | Noticed masdan's ghost (average DESu)
  2820 | D:4      | 2820 ||| INVOKING Berserk.
  2823 | D:4      | Killed masdan's ghost
  2823 | D:4      | Reached XP level 7. HP: 41/41 MP: 7/7
  2864 | D:4      | 2864 ||| EATING 3 fruits.
  2877 | D:4      | 2877 ||| INVOKING Burn Spellbooks.
  2906 | D:4      | Reached skill level 7 in Axes
  3036 | D:4      | 3036 ||| READING scroll labeled BLAUPHUEMI.
  3037 | D:4      | 3037 ||| READING scroll labeled FIS ECHIHY.
  3038 | D:4      | 3038 ||| READING scroll of identify.
  3038 | D:4      | 3038 ||| IDENTIFYING knobbly cabochon ring
  3039 | D:4      | 3039 ||| DROPPING ring of stealth.
  3058 | D:5      | Entered Level 5 of the Dungeon
  3062 | D:5      | 3062 ||| STAIRDANCE
  3068 | D:5      | 3068 ||| STAIRDANCE
  3125 | D:5      | 3125 ||| STAIRDANCE
  3138 | D:5      | 3138 ||| STAIRDANCE
  3142 | D:5      | 3142 ||| STAIRDANCE
  3264 | D:5      | Found a bloodstained altar of Trog.
  3318 | D:5      | 3318 ||| INVOKING Berserk.
  3322 | D:5      | HP: 11/63 [gnoll sergeant/trident (7)]
  3330 | D:5      | HP: 11/63 [gnoll/whip (1)]
  3338 | D:5      | HP: 7/42 [gnoll/enchanted flail (1)]
  3342 | D:5      | HP: 3/42 [gnoll/whip (2)]
  3343 | D:5      | Slain by a gnoll

Vault maps used:
D:1:      lightli_arrival_isolated_outpost, minmay_misc_feat_alley
D:2:      nicolae_ru_path_of_blood, fiery_altar_vehumet,
          grunt_temple_overflow_cloverleaf, okawaru_metal_pillars_3,
          uniq_terence
D:3:      minmay_misc_feat_five, st_stairs_14,
          nicolae_dithmenos_through_a_glass_darkly, uniq_robin
D:4:      cheibriados_altar_1
D:5:      kennysheep_little_box, minmay_temple_entry_overgrown, first_bread,
          minivault_23, minivault_27, evilmike_ruin_ashenzari

Action                   |  1- 3 |  4- 6 |  7- 9 || total
-------------------------+-------+-------+-------++-------
Melee: Hand axe          |    68 |   164 |   108 ||   340
Throw: Tomahawk          |       |    18 |       ||    18
Invok: Berserk           |     3 |     3 |     1 ||     7
       Burn Spellbooks   |       |       |     1 ||     1
  Use: Scroll            |     6 |     3 |     3 ||    12
       Potion            |       |     1 |       ||     1
  Eat: Bread ration      |     1 |       |       ||     1
       Meat ration       |       |     1 |       ||     1
       Chunk             |       |     2 |     2 ||     4
       Fruit             |       |       |     1 ||     1
